 Dungeon Crawl Stone Soup version 0.31.0-11-ge490571c62 (webtiles) character file.

Game seed: 1885721602407159005

28 Aviak the Apothecary (level 3, -5/18 (24) HPs)
             Began as a Formicid Alchemist on Feb 2, 2024.
             Slain by a goblin
             ... wielding a +2 dagger of draining
             ... led by Robin
              (7 damage)
             ... on level 2 of the Dungeon.
             The game lasted 00:01:45 (996 turns).

Aviak the Apothecary (Formicid Alchemist)            Turns: 996, Time: 00:01:46

HP:   -5/18 (24)    AC:  2    Str: 14    XL:     3   Next: 27%
MP:   7/7           EV: 12    Int: 14    God:
Gold: 36            SH:  0    Dex: 14    Spells: 6/7 levels left

rFire   . . .        j - +1 whip (freeze)
rCold   . . .        (no shield)
rNeg    . . .        a - +0 robe
rPois   .            (helmet unavailable)
rElec   .            (no cloak)
rCorr   .            (no gloves)
SInv    +            (no boots)
Will    .....        (no amulet)
Stlth   ++           (no ring)
HPRegen 0.23/turn    (no ring)
MPRegen 0.10/turn

%: no passive effects
@: very heavily drained
A: permanent stasis, dig shafts and tunnels, antennae 3, four strong arms
a: Dig, Shaft Self


You were on level 2 of the Dungeon.
You visited 1 branch of the dungeon, and saw 2 of its levels.

You collected 36 gold pieces.

Inventory:

Hand Weapons
 c - a +0 dagger
 j - a +1 whip of freezing (weapon)
Armour
 a - a +0 robe (worn)
 e - a +0 buckler
 g - a +0 ring mail
Jewellery
 k - an amulet of faith {!P}
Scrolls
 d - a scroll of noise {unknown}
 f - 2 scrolls of identify {unknown}
 l - a scroll of torment {unknown}
 m - a scroll of enchant armour {unknown}
 n - a scroll of immolation {unknown}
Potions
 b - a potion of magic
 h - a potion of heal wounds
 i - 2 potions of curing {unknown}


   Skills:
 - Level 2.0 Dodging
 - Level 2.4 Stealth
 + Level 2.9 Spellcasting
 - Level 1.0 Conjurations
 + Level 4.7 Alchemy


You had 6 spell levels left.
You knew the following spells:

 Your Spells              Type           Power      Damage    Failure   Level
a - Sting                 Conj/Alch      40%        1d5       7%          1

Your spell library contained the following spells:

 Spells                   Type           Power      Damage    Failure   Level
 Mercury Vapours          Alch/Air       16%        N/A       12%         2
 Magic Dart               Conj           16%        1d3       14%         1
 Cigotuvi's Dreadful Rot  Necr/Alch/Air  12%        N/A       17%         2
 Mephitic Cloud           Conj/Alch/Air  7%         N/A       30%         3
 Olgreb's Toxic Radiance  Alch           15%        N/A       30%         4
 Call Imp                 Summ           4%         N/A       32%         2
 Scorch                   Fire           4%         2d5       32%         2
 Ignite Poison            Fire/Alch      8%         N/A       63%         4
 Sticky Flame             Fire/Alch      8%         2d4       63%         4
 Flame Wave               Conj/Fire      3%         2d5       87%         4
 Freezing Cloud           Conj/Ice/Air   1%         6-21      99%         5
 Summon Cactus Giant      Summ           1%         N/A       100%        6
 Blink                    Tloc           Unusable   N/A       N/A         2

Dungeon Overview and Level Annotations

Branches:
Dungeon (2/15)

Altars:

Annotations:
D:2 Robin


Innate Abilities, Weirdness & Mutations

You cannot be hasted, slowed, berserked, paralysed or teleported.
You can dig through walls and to a lower floor.
You have a pair of large antennae on your head. (SInv)
Your four strong arms can wield two-handed weapons with a shield.


Message History

The goblin hits you with a +0 club.
You hit the goblin. You freeze the goblin.
You kill the goblin!
Robin shouts!
You hit the goblin but do no damage. The goblin barely misses you.
Robin roars a battlecry!
The goblin goes into a battle-frenzy!
The goblin barely misses you.
Casting: Sting (safe; 7% risk of failure)
Confirm with . or Enter, or press ? or * to list all spells.
You don't know that spell.
You barely miss the goblin. The goblin misses you.
You hit the goblin. You freeze the goblin.
You kill the goblin!
You hit Robin but do no damage. Robin misses you.
You closely miss Robin. Robin misses you.
You barely miss Robin. Robin throws the goblin at you!
The goblin closely misses you.
You barely miss Robin. Robin barely misses you.
The goblin hits you with a +2 dagger of draining.
You feel drained.
You hit Robin but do no damage. Robin barely misses you.
The goblin hits you with a +2 dagger of draining.
* * * LOW HITPOINT WARNING * * *
You feel drained.
It was a potion of heal wounds.
You feel much better.
h - a potion of heal wounds;
d - a scroll labelled ZEPIOTTAINK Robin hits you with a +0 dagger.
The goblin hits you with a +2 dagger of draining.
You feel drained.
You barely miss Robin. Robin hits you with a +0 dagger.
The goblin hits you with a +2 dagger of draining.
You feel drained.
You hit the goblin. You freeze the goblin. Your punch misses the goblin.
The goblin is heavily wounded.
The goblin hits you with a +2 dagger of draining.
* * * LOW HITPOINT WARNING * * *
You feel drained.
The goblin hits you with a +2 dagger of draining!
You die...

# #.###########
##.#..{......######
............{..{{..
.?..<....#{..{.##
####..###g#gg...#
#.....g@gg#..gg.#
#.##).###.#.g...#
#..#####.....#
#..#...#.....#
#..#.#.#.....#
#?.#<#.# #..###.#
#<..†..# ##.#####


You could see Robin, a hobgoblin (strong) and 2 goblins.

Vanquished Creatures
  2 bats
  2 endoplasms (D:1)
  7 goblins
  A hobgoblin (D:1)
  2 quokkas
  11 frilled lizards (D:1)
  A kobold (D:1)
  A rat (D:1)
27 creatures vanquished.

Notes
Turn   | Place    | Note
-------+----------+-------------------------------------------
     0 | D:1      | Aviak the Formicid Alchemist began the quest for the Orb.
     0 | D:1      | Reached XP level 1. HP: 13/13 MP: 3/3
    94 | D:1      | Reached skill level 1 in Conjurations
   325 | D:1      | Reached XP level 2. HP: 18/19 MP: 0/5
   893 | D:2      | Reached XP level 3. HP: 24/24 MP: 7/7
   976 | D:2      | Noticed Robin
   996 | D:2      | Slain by a goblin

Illustrated notes

Levels and vault maps discovered:
D:1:      onia_arrival_mini_spirals, layout_rooms, minmay_lizard_pond
D:2:      layout_basic, basic_altar, serial_shops, shop, minmay_crystal_water,
          uniq_natasha, uniq_crazy_yiuf_cottage, uniq_robin

Skill      XL: |  1 |
---------------+----+-----
Conjurations   | 1 |  1.0
Dodging        | 2 |  2.0
Stealth        | |  2.4
Spellcasting   | |  2.9
Alchemy        | |  4.7

Action                     || total
---------------------------++-------
  Melee: Dagger            ||     2
         Whip              ||    33
         Punch             ||     1
   Cast: Sting             ||    34
    Use: Potion            ||     1
   Stab: Sleeping          ||     1
 Armour: Robe              ||    28
  Dodge: Dodged            ||    30
